 Dungeon Crawl Stone Soup version 0.18-a0-1805-g8ab820f (webtiles) character file.

16 M4edhros the Grave Robber (level 2, -1/17 HPs)
             Began as an Octopode Necromancer on Apr 25, 2016.
             Slain by a kobold
             ... wielding a +0 dagger
              (3 damage)
             ... on level 2 of the Dungeon.
             The game lasted 00:01:20 (126 turns).

M4edhros the Grave Robber (Octopode Necromancer)     Turns: 126, Time: 00:01:21

Health: -1/17      AC:  1    Str:  7    XL:     2   Next: 58%
Magic:  4/5        EV: 12    Int: 17    God:
Gold:   14         SH:  0    Dex: 12    Spells: 1 memorised, 4 levels left

rFire  . . .     SeeInvis .       - Unarmed
rCold  . . .     Gourm    .     (no shield)
rNeg   . . .     Faith    +     (helmet restricted)
rPois  .         Spirit   .     d - amulet of faith
rElec  .         Dismiss  .     (no ring)
rCorr  .         Reflect  .     (no ring)
SustAt .         Harm     .     (no ring)
MR     .....                    (no ring)
Stlth  +++.......               (no ring)
                                (no ring)
                                (no ring)
                                (no ring)

@: not resistant to hostile enchantments, fairly stealthy
A: almost no armour, amphibious, 8 rings, constrict 8, camouflage 1, gelatinous
body 1
a: no special abilities


You were on level 2 of the Dungeon.
You were not hungry.

You visited 1 branch of the dungeon, and saw 3 of its levels.

You collected 14 gold pieces.

Inventory:

Jewellery
 d - an amulet of faith (around mantle)
Scrolls
 c - a scroll of teleportation {unknown}
Books
 a - a book of Necromancy

   Spells                             Type                      Level
   a - Pain                           Necromancy                   1
   b - Animate Skeleton               Necromancy                   1
   c - Vampiric Draining              Necromancy                   3
   d - Regeneration                   Charms/Necromancy            3
   e - Animate Dead                   Necromancy                   4
   f - Control Undead                 Necromancy                   4
Comestibles
 b - 2 bread rations


   Skills:
 - Level 2.0 Dodging
 - Level 2.6 Stealth
 + Level 2.1 Unarmed Combat
 - Level 2.0 Spellcasting
 - Level 4.0 Necromancy


You had 4 spell levels left.
You knew the following spells:

 Your Spells              Type           Power        Failure   Level  Hunger
a - Pain                  Necr           ###.         3%          1    #......


Dungeon Overview and Level Annotations

Branches:
Dungeon (3/15)

Altars:
Vehumet

Annotations:
D:3 Jessica


Innate Abilities, Weirdness & Mutations

You cannot wear most types of armour.
You are amphibious.
You can wear up to eight rings at the same time.
You can use your tentacles to constrict eight enemies at once.
Your skin changes colour to match your surroundings (Stealth).
Your rubbery body absorbs attacks (AC +1).


Message History

You aren't carrying any potions.
The quokka bites you.
* * * LOW HITPOINT WARNING * * *
The hobgoblin hits you with a club.
* * * LOW HITPOINT WARNING * * *
The kobold hits you but does no damage. The quokka misses you.
You tentacle-slap the quokka. You grab the quokka.
The quokka is lightly wounded.
You constrict the quokka, but do no damage.
The quokka closely misses you.
Casting: Pain
Confirm with . or Enter, or press ? or * to list all spells.
Aiming: Pain
Press: ? - help, Shift-Dir - straight line, f - quokka
Aim: a quokka (lightly wounded, constricted by you, chance to defeat MR: 92%)
The quokka convulses in agony!
You constrict the quokka.
You kill the quokka!
The kobold barely misses you. The kobold hits you with a dagger.
You die...

#### ###### ######
#....#....# ##....#
#.........# #....?#
#......@Kg#####.....####
..........†.........>...
..........g..........###
#....######....#.....#
#.... .........#....
#... #.#.....#..#..###
##. # #.....#.....# ..
#...###.#...# ....#
....#


You could see 2 hobgoblins and a kobold.

Vanquished Creatures
  An adder (D:3)
  A giant cockroach (D:1)
  A goblin (D:2)
  A kobold (D:3)
  A quokka (D:2)
  A giant newt (D:3)
  2 rats
8 creatures vanquished.

Notes
Turn   | Place    | Note
--------------------------------------------------------------
     0 | D:1      | M4edhros the Octopode Necromancer began the quest for the Orb.
     0 | D:1      | Reached XP level 1. HP: 11/11 MP: 3/3
    22 | D:2      | Reached skill level 1 in Unarmed Combat
    50 | D:3      | Reached XP level 2. HP: 5/17 MP: 0/5
    75 | D:3      | Noticed Jessica
   108 | D:3      | Found a radiant altar of Vehumet.
   126 | D:2      | Slain by a kobold

Vault maps used:
D:1:      sevenhm_arrival_forest_fort_small_6
D:2:      st_stairs_11, minmay_rats_cheesy_pizza, uniq_iyjb
D:3:      vehumet_crystals, st_stairs_11, kennysheep_slug_shrine, uniq_jessica

Skill      XL: |  1 |
---------------+----+-----
Unarmed Combat | 2 |  2.1
Dodging        | |  2.0
Stealth        | |  2.6
Spellcasting   | |  2.0
Necromancy     | |  4.0

Action                   || total
-------------------------++-------
Melee: Unarmed           ||     8
       Tentacles         ||     3
       Constrict         ||     2
 Cast: Pain              ||     6
Armor: Skin              ||     2
Dodge: Dodged            ||     5
